AoeStats
← paco.cheung

Arena

508145246Analyzed
1v1 RM · 12d ago on Sep 21, 2026· 46m 35s· 2 players
Game mode
Random Map
Map size
Tiny (2 player)
Population
200
Speed
Normal
Resources
Standard
Victory
Conquest
Starting age
Dark Age
Ending age
Imperial Age
RankedLock teamsTeams togetherTeam positionsShared explorationLock speedFull tech treeHidden civsTurbo modeCheats
Victory
Defeat
🇭🇰 Turks · Hong Kong SAR China
772
+16
🇵🇪 Spanish · Peru
768
-16
Parte madres
10:41 Feudal Age
9:55 Loom
11:49 Double-Bit Axe
12:19 Horse Collar
12:53 Double-Bit Axe
17:29 Castle Age
19:41 Wheelbarrow
20:04 Bow Saw
25:47 Husbandry
26:34 Hand Cart
26:18 Gold Mining
27:44 Bloodlines
27:47 Heavy Plow
28:19 Ballistics
29:11 Fortified Wall
28:58 Light Cavalry
30:10 Stone Mining
31:01 Fletching
31:12 Scale Mail Armor
31:40 Elite Skirmisher
35:50 Imperial Age
37:56 Chemistry
37:06 Hussar
46:35 Bodkin Arrow
46:19 Man-at-Arms
paco.cheung
12:43 Feudal Age
17:13 Castle Age
15:12 Double-Bit Axe
15:29 Horse Collar
19:01 Loom
24:45 Bloodlines
25:15 Wheelbarrow
25:20 Heavy Plow
28:51 Hand Cart
31:37 Imperial Age
29:18 Padded Archer Armor
30:41 Leather Archer Armor
32:28 Gold Mining
32:29 Stone Mining
32:51 Bow Saw
32:31 Town Watch
39:03 Scale Barding Armor
39:30 Ring Archer Armor
39:51 Bloodlines
39:41 Husbandry
39:10 Cavalier
40:13 Forging
40:24 Chain Barding Armor
41:48 Conscription
Connection lost

Rejoining the realm…

Still unreachable

The connection could not be restored.

Session expired

The server has moved on; the page needs a fresh start.